Map: Givre EC

Players

zidar

  • Race: Zerg Zerg
  • League: Gold
  • Spawn Location: 7:00

Maniac - Winner!

  • Race: Protoss Protoss
  • League: Gold
  • Spawn Location: 5:00

VOD

Have the link to the VOD?

Description

Time

  • Played on: May 31, 2016, 3:24 p.m.
  • Length: 16:26
Show
View Real Time Build Order
Export as new Build Order

zidar Zerg 

Build Orders: Pool First 

Get SALT Encoding   

  12  0:02  Drone  
  13  0:13  Overlord  
  13  0:17  Drone  
  14  0:21  Extractor  
  14  0:23  Drone  
  15  0:32  Drone  
  17  0:35  Drone  
  17  0:50  Spawning Pool  
  16  0:57  Drone  
  17  1:15  Hatchery  
  17  1:17  Drone  
  17  1:20  Extractor  
  16  1:34  Drone  
  16  1:38  Drone  
  18  1:40  Queen  
  18  1:45  Overlord  
  20  1:49  Drone  
  21  1:56  Drone  
  22  2:08  Drone  
  23  2:15  Queen  
  25  2:35  Roach Warren, Drone  
  25  2:50  Drone  
  25  2:51  Drone x5  
  31  3:05  Zergling x2  
  32  3:07  Zergling x6  
  35  3:25  Extractor  
  34  3:34  Metabolic Boost  
  34  3:37  Roach  
  34  3:40  Overlord  
  34  3:41  Overlord  
  36  3:59  Roach x8  
  52  4:07  Overlord  
  52  4:08  Overlord x2  
  52  4:31  Roach x3  
  52  4:32  Roach x2, Zergling x2  
  63  4:57  Ravager x3  
  66  5:02  Zergling x18  
  75  5:16  Overlord x2  
  75  5:17  Overlord  
  49  6:21  Drone x3  
  50  6:28  Queen  
  50  6:30  Drone x3  
  49  7:02  Roach x8  
  61  7:48  Drone x3  
  62  8:31  Ravager  
  47  8:54  Zergling x8  
  47  8:55  Zergling x18  
  33  9:12  Zergling x6  
  36  9:17  Zergling x2  
  37  9:28  Drone x2  
  24  10:02  Roach x11  
  45  10:15  Zergling x2  
  46  10:27  Zergling x14  
  53  10:40  Zergling x2  
  53  10:41  Zergling x2  
  55  10:46  Zergling x2  
  55  10:47  Zergling x2  
  57  11:04  Roach  
  57  11:05  Roach  
  49  11:28  Zergling x4  
  49  11:29  Zergling x4  
  41  11:50  Roach x2  
  31  12:12  Roach x2  
  31  12:14  Roach  
  18  13:09  Zergling x6  
  10  14:35  Roach x2  
Show
View Real Time Build Order
Export as new Build Order

Maniac Protoss - Winner!

Build Orders:  

Get SALT Encoding   

  12  0:01  Probe (Chrono Boost)  
  13  0:11  Probe (Chrono Boost)  
  14  0:18  Pylon  
  14  0:34  Assimilator  
  14  0:36  Gateway  
  14  0:39  Probe (Chrono Boost)  
  16  0:50  Probe (Chrono Boost)  
  16  1:00  Probe (Chrono Boost)  
  16  1:03  Gateway  
  17  1:09  Pylon  
  17  1:11  Probe (Chrono Boost)  
  18  1:21  Probe (Chrono Boost)  
  19  1:28  Cybernetics Core  
  19  1:32  Probe (Chrono Boost)  
  20  1:39  Assimilator  
  20  1:42  Probe (Chrono Boost)  
  21  1:48  Pylon  
  21  1:53  Probe (Chrono Boost)  
  22  1:59  Gateway  
  22  2:03  Probe (Chrono Boost)  
  23  2:09  Warp Gate (Chrono Boost)  
  23  2:19  Probe (Chrono Boost)  
  23  2:20  Gateway  
  24  2:30  Mothership Core (Chrono Boost)  
  26  2:46  Robotics Facility  
  26  2:56  Pylon  
  25  3:07  Adept  
  25  3:08  Adept x2  
  31  3:13  Adept  
  33  3:32  Pylon  
  33  3:33  Observer  
  34  3:48  Twilight Council  
  34  3:54  Warp Prism (Chrono Boost)  
  36  4:24  Resonating Glaives (Chrono Boost)  
  36  4:56  Adept x4  
  44  5:06  Gateway  
  44  5:07  Gateway  
  44  5:16  Adept x2  
  44  5:17  Adept x2  
  52  5:37  Adept x3  
  36  5:59  Adept x2  
  36  6:00  Adept x2  
  32  6:24  Adept x4  
  32  7:15  Nexus  
  30  7:17  Pylon  
  30  7:18  Pylon  
  30  7:22  Assimilator  
  28  7:24  Assimilator  
  28  7:26  Stalker  
  28  7:27  Sentry  
  32  7:30  Sentry  
  34  7:39  Stalker  
  36  7:57  Immortal  
  40  8:17  Stalker x2  
  44  8:33  Stalker  
  46  8:41  Stalker  
  48  8:48  Stalker  
  36  8:56  Stalker  
  34  9:21  Adept x2  
  34  9:23  Adept  
  25  9:46  Adept x2  
  27  10:00  Adept  
  27  10:03  Adept  
  31  10:08  Probe x2  
  33  10:19  Probe  
  33  10:20  Probe  
  35  10:29  Probe  
  35  10:32  Probe  
  37  10:50  Sentry  
  37  10:52  Adept x2  
  37  10:53  Adept  
  37  10:56  Adept  
  47  11:15  Adept x2  
  47  11:16  Adept  
  47  11:21  Adept  
  49  11:29  Adept  
  49  11:30  Adept  
  47  11:38  Adept  
  42  11:41  Adept  
  39  11:52  Adept  
  16  13:17  Pylon  
  16  13:49  Adept x5  
  15  15:18  Probe  
  16  15:30  Probe  
Tags
 
League
GoldGold
Matchup
PvZ
Opening
Pool First
Spawn Locations
Close Positions
Add a new tag
Caveats
  • Supply blocks, unpowered buildings, or Contaminate may cause inaccurate times.
  • Supply counts are checked every 10 seconds.